 Dungeon Crawl Stone Soup version 0.17.0-25-gefc9c12 (webtiles) character file.

317 septik the Firebug (level 6, -2/32 HPs)
             Began as a Deep Elf Fire Elementalist on Nov 19, 2015.
             Slain by an iguana (8 damage)
             ... on level 4 of the Dungeon.
             The game lasted 00:11:01 (2681 turns).

septik the Firebug (Deep Elf Fire Elementalist)     Turns: 2681, Time: 00:11:01

Health: -2/32      AC:  4    Str:  5    XL:     6   Next: 20%
Magic:  6/15       EV: 13    Int: 22    God:
Gold:   182        SH:  0    Dex: 15    Spells: 2 memorised, 10 levels left

rFire  . . .     SeeInvis .     I - +0 dagger (drain)
rCold  . . .     Clarity  .     a - +0 robe
rNeg   . . .     SustAt   .     (no shield)
rPois  .         Gourm    .     w - +2 hat
rElec  .         Spirit   .     (no cloak)
rCorr  .         Warding  .     (no gloves)
rMut   .         Stasis   +     (no boots)
MR     .....                    p - amulet of stasis
Stlth  +++.......               (no ring)
                                e - ring of stealth

@: not resistant to hostile enchantments, fairly stealthy
A: no striking features
a: no special abilities


You were on level 4 of the Dungeon.
You were hungry.

You visited 1 branch of the dungeon, and saw 4 of its levels.

You collected 182 gold pieces.

Inventory:

Hand Weapons
 o - a +0 club
 I - a +0 dagger of draining (weapon)
Missiles
 j - 54 stones (quivered)
Armour
 a - a +0 robe (worn)
 w - a +2 hat (worn)
 y - a +0 helmet
 C - a +0 leather armour of poison resistance
Jewellery
 e - a ring of stealth (left hand)
 p - an amulet of stasis (around neck)
 D - an uncursed ring of wizardry {unknown}
Wands
 E - a wand of frost (32)
 G - a wand of magic darts (27)
Scrolls
 f - 2 scrolls of enchant weapon {unknown}
 g - 2 scrolls of amnesia {unknown}
 k - 3 scrolls of remove curse {unknown}
 n - 3 scrolls of teleportation {unknown}
 s - a scroll of enchant armour {unknown}
 t - 2 scrolls of random uselessness {unknown}
 v - 4 scrolls of recharging {unknown}
 x - 2 scrolls of identify {unknown}
 A - a scroll of fear {unknown}
 B - a scroll of fog {unknown}
Potions
 d - a potion of mutation {unknown}
 h - 4 potions of curing {unknown}
 l - 2 potions of might {unknown}
 m - a potion of haste {unknown}
 u - a potion of resistance {unknown}
 z - a potion of flight {unknown}
 F - a potion of heal wounds {unknown}
 H - a potion of beneficial mutation {unknown}
Books
 b - a book of Flames

   Spells                             Type                      Level
   a - Flame Tongue                   Conjuration/Fire             1
   b - Throw Flame                    Conjuration/Fire             2
   c - Conjure Flame                  Conjuration/Fire             3
   d - Inner Flame                    Hexes/Fire                   3
   e - Sticky Flame                   Conjuration/Fire             4
   f - Fireball                       Conjuration/Fire             5
Comestibles
 c - 2 bread rations
 i - a beef jerky
 r - a meat ration


   Skills:
 - Level 2.4 Dodging
 - Level 2.4 Stealth
 + Level 4.7 Spellcasting
 * Level 4.3 Conjurations
 * Level 5.4 Fire Magic


You had 10 spell levels left.
You knew the following spells:

 Your Spells              Type           Power        Failure   Level  Hunger
a - Flame Tongue          Conj/Fire      ####.        1%          1    None
b - Conjure Flame         Conj/Fire      ####....     4%          3    ##.....


Dungeon Overview and Level Annotations

Branches:
Dungeon (4/15)
 Temple: D:4-7

Altars:
Zin


Message History

Aim: an iguana (heavily wounded)
The flame tongue hits the iguana.
The iguana appears unharmed.
The iguana is heavily wounded.
The iguana bites you!
* * * LOW HITPOINT WARNING * * *
Casting: Flame Tongue
Confirm with . or Enter, or press ? or * to list all spells.
Aiming: Flame Tongue
Press: ? - help, Shift-Dir - straight line, f/p - iguana
Aim: an iguana (heavily wounded)
The flame tongue hits the iguana.
The iguana is almost dead.
The iguana barely misses you.
Casting: Flame Tongue
Confirm with . or Enter, or press ? or * to list all spells.
Aiming: Flame Tongue
Press: ? - help, Shift-Dir - straight line, f/p - iguana
Aim: an iguana (almost dead)
The flame tongue misses the iguana.
The iguana bites you!
You die...

..( ... ..
..###### ..#
......##..##
#..........+
#..........#
#.l........#
####.@........#
#.............#
#.......#...###.
#...............
##...........##..
#................
##...............
#.......#.##.....
#.......#.# #....


You could see an iguana.

Vanquished Creatures
  An ogre (D:3)
  3 killer bees (D:4)
  A worker ant (D:4)
  An adder (D:2)
  An ooze (D:3)
  A worm (D:3)
  3 orcs (D:3)
  A ball python (D:1)
  6 bats
  2 giant cockroaches
  5 hobgoblins
  A quokka (D:2)
  2 giant geckos
  A giant newt (D:2)
  9 goblins
  5 kobolds
  2 rats (D:3)
45 creatures vanquished.

Notes
Turn   | Place    | Note
--------------------------------------------------------------
     0 | D:1      | septik the Deep Elf Fire Elementalist began the quest for the Orb.
     0 | D:1      | Reached XP level 1. HP: 10/10 MP: 6/6
   541 | D:2      | Reached XP level 2. HP: 15/15 MP: 6/8
  1110 | D:2      | Reached XP level 3. HP: 19/19 MP: 5/10
  1115 | D:2      | Learned a level 3 spell: Conjure Flame
  1449 | D:3      | Reached skill level 4 in Fire Magic
  1546 | D:3      | Found a glowing silver altar of Zin.
  2044 | D:3      | Noticed an ogre
  2108 | D:3      | Killed an ogre
  2108 | D:3      | Reached XP level 4. HP: 24/24 MP: 1/12
  2108 | D:3      | Reached XP level 5. HP: 28/28 MP: 1/13
  2325 | D:4      | Reached skill level 5 in Fire Magic
  2327 | D:4      | Reached XP level 6. HP: 12/32 MP: 7/14
  2681 | D:4      | Slain by an iguana

Action                   |  1- 3 |  4- 6 || total
-------------------------+-------+-------++-------
Melee: Club              |     1 |       ||     1
Throw: Stone             |     6 |     1 ||     7
 Cast: Flame Tongue      |    74 |    19 ||    93
       Conjure Flame     |     5 |     2 ||     7
  Eat: Chunk             |     4 |     1 ||     5
